Map: Abiogênese LE

Players

Albatraoz - Winner!

  • Race: Terran Terran
  • League: Silver
  • Spawn Location: 5:00

IagoAbreu

  • Race: Zerg Zerg
  • League: Gold
  • Spawn Location: 11:00

VOD

Have the link to the VOD?

Description

Time

  • Played on: May 13, 2018, 3:56 p.m.
  • Length: 23:12
Show
View Real Time Build Order
Export as new Build Order

Albatraoz Terran - Winner!

Build Orders: Reaper Expand 

Get SALT Encoding   

  12  0:01  SCV  
  13  0:17  Supply Depot  
  13  0:22  SCV  
  14  0:35  Refinery  
  14  0:50  Barracks  
  14  0:56  Supply Depot  
  14  1:03  SCV  
  15  1:18  Barracks  
  15  1:42  Reaper  
  16  1:51  SCV  
  17  2:15  Reaper  
  18  2:19  Marine  
  19  2:29  Command Center  
  19  2:34  SCV  
  20  2:37  Marine  
  21  2:54  Marine  
  21  2:55  SCV  
  23  3:12  Marine  
  24  3:30  Marine  
  25  3:37  Factory  
  25  3:50  Marine  
  25  3:51  Marine  
  25  3:54  Orbital Command  
  27  3:57  Supply Depot  
  25  4:08  Marine  
  25  4:09  Marine  
  25  4:23  SCV, Barracks  
  25  4:26  Marine  
  24  4:33  Hellion  
  24  4:35  SCV  
  21  4:48  SCV  
  18  5:00  SCV  
  17  5:12  SCV  
  14  5:14  Supply Depot  
  14  5:15  Factory  
  14  5:16  Barracks Reactor  
  14  5:21  Refinery  
  11  5:29  SCV  
  10  5:58  SCV  
  10  6:01  Supply Depot  
  11  6:06  Refinery  
  11  6:09  Factory Tech Lab  
  11  6:10  SCV  
  12  6:24  Marine x2  
  14  6:42  Marine, SCV  
  14  6:43  Siege Tank  
  19  6:54  SCV  
  19  6:55  Supply Depot  
  20  7:08  Marine x2  
  21  7:26  Marine  
  21  7:29  SCV  
  23  7:31  Siege Tank  
  23  7:33  Marine  
  26  7:42  Marine  
  23  8:00  Marine  
  20  8:08  SCV  
  20  8:10  Siege Tank  
  24  8:20  SCV  
  24  8:22  SCV  
  24  8:26  Marine  
  27  8:34  SCV  
  27  8:39  Marine  
  28  8:42  SCV  
  28  8:44  Marine  
  30  8:51  Marine  
  31  8:56  SCV, Marine  
  31  9:01  Marine  
  34  9:08  SCV  
  34  9:09  Marine  
  36  9:10  Siege Tank  
  36  9:16  SCV  
  40  9:30  Marine  
  41  9:34  SCV  
  42  9:42  Siege Tank  
  45  9:49  Orbital Command  
  45  9:56  Supply Depot  
  45  10:02  Starport  
  45  10:07  Factory Tech Lab  
  45  10:17  Marine x2  
  45  10:19  Supply Depot  
  47  10:27  SCV  
  48  10:30  SCV  
  48  10:35  Marine x2, Supply Depot  
  49  10:40  SCV  
  52  10:47  Refinery  
  52  10:48  Siege Tank  
  55  10:52  SCV  
  56  11:04  SCV  
  56  11:07  Supply Depot  
  57  11:15  Siege Tank  
  57  11:16  SCV  
  57  11:17  Marine  
  62  11:29  SCV  
  62  11:30  Supply Depot  
  63  11:38  Starport Tech Lab  
  63  11:41  SCV  
  63  11:42  Engineering Bay  
  64  11:47  Siege Tank  
  64  11:53  SCV  
  68  11:58  Medivac  
  70  12:05  SCV  
  71  12:21  Command Center  
  70  12:28  Raven  
  68  12:40  Siege Tank  
  68  12:42  Barracks Reactor  
  68  12:43  SCV  
  72  12:52  SCV  
  73  13:12  Siege Tank  
  76  13:46  Marine  
  76  13:47  Marine  
  78  13:50  SCV  
  79  13:58  SCV  
  79  14:00  Orbital Command, Refinery  
  79  14:01  Starport  
  79  14:02  SCV  
  81  14:04  Marine, Starport  
  81  14:05  Siege Tank  
  85  14:11  SCV  
  86  14:28  SCV  
  87  14:40  SCV  
  88  14:52  SCV  
  88  15:08  Medivac  
  88  15:10  Marine x2  
  88  15:11  Siege Tank  
  95  15:17  Starport  
  95  15:21  Marine x2  
  95  15:22  SCV  
  95  15:27  Marine  
  99  15:37  Command Center  
  99  15:38  Medivac  
  99  15:41  SCV  
  102  15:43  Siege Tank  
  102  15:44  Refinery  
  102  15:45  Starport Tech Lab  
  102  15:48  Refinery  
  105  15:53  SCV  
  106  16:14  Marine x2  
  106  16:15  Siege Tank  
  111  16:18  Viking  
  113  16:30  Raven  
  113  16:31  Marine, SCV  
  117  16:40  Supply Depot  
  117  16:48  Marine, SCV, Siege Tank, Viking  
  124  16:55  Supply Depot  
  124  17:00  SCV  
  125  17:04  Supply Depot  
  125  17:12  Raven  
  127  17:18  Supply Depot  
  127  17:20  Siege Tank  
  130  17:24  Marine x2  
  130  17:29  SCV  
  133  17:32  Barracks  
  133  17:41  SCV, Marine  
  133  17:42  Marine  
  136  17:53  SCV  
  134  18:23  Siege Tank  
  134  18:24  Starport Tech Lab  
  137  18:55  Siege Tank  
  102  19:43  Marine  
  81  20:00  Marine  
  81  20:01  SCV  
  81  20:03  SCV  
  83  20:09  Siege Tank  
  83  20:12  Command Center  
  83  20:13  SCV  
  87  20:15  SCV  
  88  20:25  SCV  
  88  20:27  SCV  
  90  20:30  Siege Tank  
  93  20:40  SCV  
  93  20:42  Siege Tank  
  97  20:44  Marine  
  92  21:03  Siege Tank  
  95  21:10  Raven  
  97  21:14  Siege Tank  
  97  21:46  Siege Tank  
  94  21:53  Marine x2, Raven  
  93  22:10  Marine  
  93  22:11  Marine  
  95  22:24  Barracks Tech Lab  
  95  22:28  Marine x2, Orbital Command  
  97  22:31  SCV  
  98  22:43  SCV  
  98  22:46  Marine x2  
  100  22:55  SCV  
Show
View Real Time Build Order
Export as new Build Order

IagoAbreu Zerg 

Build Orders: Pool First 

Get SALT Encoding   

  12  0:01  Drone  
  13  0:09  Drone  
  13  0:13  Extractor  
  13  0:19  Overlord  
  13  0:29  Drone  
  14  0:38  Drone  
  14  0:39  Drone  
  16  0:51  Drone  
  17  0:57  Spawning Pool  
  16  1:26  Hatchery  
  16  1:28  Drone  
  16  1:31  Drone  
  17  1:37  Evolution Chamber  
  16  1:42  Drone  
  16  1:44  Drone  
  18  2:02  Roach Warren  
  18  2:06  Zerg Missile Weapons Level 1  
  17  2:20  Drone x3  
  20  2:39  Queen  
  20  2:42  Roach  
  24  2:51  Spine Crawler  
  23  2:57  Zergling x6  
  21  3:25  Spine Crawler  
  20  3:35  Roach x2  
  20  3:36  Roach  
  26  3:51  Drone x3  
  24  4:06  Drone  
  25  4:31  Roach x3  
  27  5:17  Overlord x3  
  27  5:56  Lair  
  27  6:00  Queen  
  29  6:05  Roach x3  
  29  6:06  Roach  
  37  6:45  Queen  
  37  7:41  Roach x7  
  47  7:53  Spire  
  32  8:24  Queen  
  34  8:27  Roach  
  34  8:28  Roach x2  
  34  8:30  Drone  
  27  8:53  Drone x4  
  31  8:56  Drone  
  32  9:09  Mutalisk  
  34  9:17  Mutalisk  
  36  9:50  Mutalisk x2  
  40  9:57  Extractor  
  40  9:59  Drone x4  
  44  10:00  Drone  
  44  10:29  Mutalisk  
  44  10:32  Zergling x10  
  51  10:49  Overlord x2  
  51  10:50  Overlord  
  51  11:11  Mutalisk  
  53  11:37  Roach x4  
  53  11:38  Roach x2  
  40  12:34  Roach x6  
  48  12:38  Queen  
  50  13:03  Queen  
  50  13:04  Hatchery  
  51  13:22  Roach x9  
  69  13:35  Hatchery  
  68  13:53  Roach x4  
  76  14:00  Glial Reconstitution  
  72  14:22  Roach  
  72  14:23  Roach x2  
  70  14:48  Roach x3  
  76  15:02  Burrow  
  70  15:11  Extractor  
  69  15:14  Extractor  
  69  15:15  Drone x3  
  71  15:28  Overseer  
  65  15:29  Overseer  
  65  16:00  Roach x5  
  65  16:01  Roach x4  
  83  16:14  Overlord x2  
  83  16:23  Zerg Flyer Weapons Level 1  
  83  16:52  Drone  
  83  16:53  Drone x2  
  86  17:16  Roach  
  86  17:18  Tunneling Claws  
  88  17:28  Overlord x4  
  88  17:44  Zerg Missile Weapons Level 2  
  70  18:28  Drone x2  
  70  18:29  Drone x4  
  75  18:35  Drone  
  75  18:38  Roach x2  
  75  18:39  Roach x22  
  75  18:41  Roach  
  73  19:06  Drone x3  
  73  19:07  Drone  
  77  19:15  Roach x22  
  53  19:47  Roach x5  
  53  19:48  Roach  
  53  19:49  Roach  
  47  20:29  Roach x9  
  47  20:32  Zergling x14  
  47  20:33  Roach x8, Zergling x8  
  28  21:20  Roach  
  28  21:21  Roach x8  
  29  21:54  Roach x3, Zergling x4  
  29  21:55  Roach  
  28  22:31  Roach x2  
  28  22:32  Zergling x4  
  28  22:33  Zergling x6  
  35  22:42  Roach x2  
Tags
 
Add a new tag
Caveats
  • Supply blocks, unpowered buildings, or Contaminate may cause inaccurate times.
  • Supply counts are checked every 10 seconds.